 Dungeon Crawl Stone Soup version 0.30-a0-241-g1121274140 (webtiles) character file.

Game seed: 6503494429044036700

19397 gruber the Devastator (level 12, -8/59 HPs)
             Began as a Deep Elf Conjurer on Oct 9, 2022.
             Was a Believer of Vehumet.
             Mangled by a catoblepas (24 damage)
             ... on level 5 of the Lair of Beasts on Oct 10, 2022.
             The game lasted 00:26:43 (16901 turns).

gruber the Devastator (Deep Elf Conjurer)          Turns: 16901, Time: 00:26:44

Health: -8/59      AC:  6    Str:  7    XL:     12   Next: 36%
Magic:  0/32       EV: 18    Int: 34    God:    Vehumet [**....]
Gold:   860        SH:  0    Dex: 13    Spells: 27/39 levels left

rFire   + . .      SeeInvis .    u - +9 short sword "Keohaqoi" {pain, Int+5}
rCold   . . .      Faith    .    (no shield)
rNeg    . . .      Spirit   +    a - +2 robe {rF+}
rPois   +          Reflect  .    (no helmet)
rElec   .          Harm     .    (no cloak)
rCorr   .          Rampage  .    B - +1 pair of gloves {Str+3}
Will    +....                    (no boots)
Stlth   +++.......               m - amulet of guardian spirit
HPRegen 0.29/turn                i - ring of poison resistance
MPRegen 0.23/turn                N - +4 ring of evasion

@: no status effects
A: no striking features
a: Renounce Religion


You were on level 5 of the Lair of Beasts.
You worshipped Vehumet.
Vehumet was pleased with you.
You visited 3 branches of the dungeon, and saw 16 of its levels.

You collected 860 gold pieces.

Inventory:

Hand Weapons
 u - the +9 short sword "Keohaqoi" (weapon) {pain, Int+5}
   (You found it on level 4 of the Dungeon)

   In the hands of one skilled in necromantic magic, it inflicts extra damage on
   living creatures.
   Int:       It affects your intelligence (+5).
Missiles
 I - 2 throwing nets
Armour
 a - a +2 robe of fire resistance (worn)
 B - a +1 pair of gloves of strength (worn)
 C - a +0 buckler
Magical Staves
 t - a staff of poison
Jewellery
 i - a ring of poison resistance (left hand)
 m - an amulet of guardian spirit (around neck)
 r - a ring of positive energy
 z - a ring of protection from cold
 D - a ring of willpower
 N - a +4 ring of evasion (right hand)
Wands
 h - a wand of light (18)
 n - a wand of flame (22)
 q - a wand of polymorph (12)
Scrolls
 c - 10 scrolls of teleportation {unknown}
 d - 15 scrolls of identify {unknown}
 f - 3 scrolls of immolation {unknown}
 j - 3 scrolls of enchant weapon {unknown}
 p - 4 scrolls of fear {unknown}
 v - 2 scrolls of vulnerability {unknown}
 w - 6 scrolls of magic mapping {unknown}
 y - a scroll of poison {unknown}
 E - a scroll of butterflies {unknown}
 G - a scroll of brand weapon {unknown}
 K - 2 scrolls of amnesia {unknown}
 L - a scroll of silence {unknown}
 P - a scroll of blinking {unknown}
 Q - a scroll of noise {unknown}
Potions
 b - a potion of magic
 e - 3 potions of lignification {unknown}
 g - a potion of attraction {unknown}
 k - a potion of haste
 l - a potion of curing
 o - a potion of resistance {unknown}
 s - 3 potions of mutation {unknown}
 x - 3 potions of berserk rage {unknown}
 A - 2 potions of flight {unknown}
 F - 6 potions of brilliance {unknown}
 H - a potion of cancellation {unknown}
 J - 2 potions of might
 M - 6 potions of ambrosia
 O - a potion of invisibility {unknown}


   Skills:
 - Level 5.2 Short Blades
 - Level 5.6 Dodging
 * Level 4.6 Stealth
 - Level 14.0 Spellcasting
 - Level 17.1 Conjurations
 - Level 2.2 Necromancy
 - Level 4.1 Translocations


You had 27 spell levels left.
You knew the following spells:

 Your Spells              Type           Power      Damage    Failure   Level
a - Magic Dart            Conj           100%       1d8       0%          1
b - Searing Ray           Conj           100%       2d8       0%          2
c - Iskenderun's Mystic   Conj/Tloc      77%        2d15      1%          4
d - Borgnjor's Vile Clut  Necr/Erth      15%        N/A       30%         5

Your spell library contained the following spells:

 Spells                   Type           Power      Damage    Failure   Level
 Scorch                   Fire           46%        2d7       2%          2
 Blink                    Tloc           100%       N/A       1%          2
 Momentum Strike          Conj/Tloc      100%       3d10      1%          2
 Sublimation of Blood     Necr           38%        N/A       1%          2
 Dazzling Flash           Conj/Hex       100%       N/A       1%          3
 Lesser Beckoning         Tloc           100%       N/A       1%          3
 Fulminant Prism          Conj/Hex       34%        3d16      1%          4
 Wereblood                Tmut           23%        N/A       2%          2
 Animate Dead             Necr           38%        N/A       7%          4
 Death Channel            Necr           19%        N/A       73%         6
 Summon Hydra             Summ           11%        N/A       100%        7


Dungeon Overview and Level Annotations

Branches:
Dungeon (11/15)            Temple (1/1) D:5            Lair (3/5) D:8
  Swamp (0/4) Lair:2          Orc (0/2) D:11
  Snake: Lair:2-3    Spider: Lair:2-3

Altars:
Ashenzari
Cheibriados
Dithmenos
Elyvilon
Fedhas
Gozag
Hepliaklqana
Kikubaaqudgha
Makhleb
Nemelex Xobeh
Okawaru
Qazlal
Ru
Sif Muna
Trog
Uskayaw
Vehumet
Wu Jian
Xom
Yredelemnul
Zin
The Shining One

Annotations:
D:9 3 runed translucent doors, t4s4d4r's ghost, journeyman OgRe


Message History

Casting: Iskenderun's Mystic Blast (safe; 1% risk of failure)
Confirm with . or Enter, or press ? or * to list all spells.
You erupt in a blast of force!
The mystic blast hits the dream sheep!
You kill the dream sheep!
Vehumet accepts your kill.
Unknown command.
Unknown command.
Casting: Iskenderun's Mystic Blast (safe; 1% risk of failure)
Confirm with . or Enter, or press ? or * to list all spells.
You erupt in a blast of force!
The mystic blast hits the catoblepas!!
The catoblepas is moderately wounded.
Unknown command.
Unknown command.
Unknown command.
Casting: Iskenderun's Mystic Blast (safe; 1% risk of failure)
Confirm with . or Enter, or press ? or * to list all spells.
You erupt in a blast of force!
The mystic blast hits the catoblepas.
The catoblepas is moderately wounded.
The catoblepas is knocked back by the mystic blast.
The dream sheep is no longer petrified.
Unknown command.
Unknown command.
Casting: Iskenderun's Mystic Blast (safe; 1% risk of failure)
Confirm with . or Enter, or press ? or * to list all spells.
You erupt in a blast of force!
The mystic blast hits the catoblepas!
The catoblepas is heavily wounded.
The catoblepas is knocked back by the mystic blast.
The mystic blast hits the dream sheep!!
You kill the dream sheep!
Vehumet accepts your kill.
You feel your power returning.
Unknown command.
Unknown command.
Unknown command.
The catoblepas attacks as you move away!
The catoblepas gores you!!
* * * LOW HITPOINT WARNING * * *
The catoblepas attacks as you move away!
The catoblepas gores you!!
You die...

........###....)....##
........#.#.........P#
....................##
......P..............#
.........##P........P#
.........####.......##
.........####..#...P#
..........#.....##..#
............)...@#.####
.................Y##..#
..P..P...#...........##
.YY.....#...........##
.........####...#.###
.#.......# ##..####
..###....###....# .#
#....#.#....# .#
#..........P#####


You could see a catoblepas.

Vanquished Creatures
  A hydra (Lair:5)
  4 two-headed ogres
  2 bog bodies (Lair:2)
  3 elephants (Lair:2)
  An ugly thing (D:11)
  A gargoyle (D:11)
  2 black mambas
  4 cane toads
  3 komodo dragons
  A queen bee (D:9)
  2 polar bears
  Prince Ribbit (D:6)
  5 dream sheep (Lair:5)
  2 wyverns (Lair:2)
  4 yaks
  2 wraiths
  A basilisk (Lair:2)
  A steam dragon (D:8)
  4 vampire mosquitoes (D:8)
  A swamp worm (Lair:2)
  An acid dragon (D:8)
  7 water moccasins
  5 orc warriors
  A sky beast (D:8)
  3 black bears
  An ice beast (D:6)
  7 wolves
  6 centaurs
  An ogre (D:5)
  A phantom (D:7)
  4 kobold brigands
  Blork the orc (D:5)
  4 gnoll sergeants
  A necrophage (D:5)
  9 bullfrogs
  A scorpion (D:7)
  12 wights
  32 killer bees
  4 electric eels
  3 hounds
  4 orc priests
  3 jellies
  2 gnoll boudas
  5 iguanas
  10 orc wizards
  28 gnolls
  8 adders
  A shadow imp (D:6)
  3 white imps
  4 worms
  3 dart slugs
  50 orcs
  10 ball pythons
  4 endoplasms
  3 giant cockroaches
  5 goblins
  11 hobgoblins
  5 jackals
  25 kobolds
  A quokka (D:1)
  4 bats
  3 frilled lizards
  7 rats
348 creatures vanquished.

Vanquished Creatures (others)
  A swamp drake (D:11)
  13 fungi
  9 plants
23 creatures vanquished.

Grand Total: 371 creatures vanquished

Notes
Turn   | Place    | Note
-------+----------+-------------------------------------------
     0 | D:1      | gruber the Deep Elf Conjurer began the quest for the Orb.
     0 | D:1      | Reached XP level 1. HP: 10/10 MP: 6/6
    75 | D:1      | Upgraded the game from 0.30-a0-223-gcb0039aa0c to
                  | 0.30-a0-241-g1121274140
   135 | D:1      | Reached XP level 2. HP: 15/15 MP: 5/8
   138 | D:1      | Learned a level 2 spell: Searing Ray
   198 | D:1      | Reached skill level 5 in Conjurations
   550 | D:1      | Reached XP level 3. HP: 16/19 MP: 2/9
   688 | D:1      | You fall into a shaft and drop 1 floor!
   973 | D:2      | Reached skill level 6 in Conjurations
  1443 | D:1      | Reached XP level 4. HP: 24/24 MP: 8/10
  1531 | D:1      | Found a faded altar of an unknown god.
  2398 | D:3      | Learned a level 4 spell: Iskenderun's Mystic Blast
  3036 | D:4      | Reached skill level 7 in Conjurations
  3036 | D:4      | Reached XP level 5. HP: 28/28 MP: 5/11
  3558 | D:4      | Reached skill level 8 in Conjurations
  3558 | D:4      | Reached XP level 6. HP: 26/32 MP: 4/12
  3564 | D:4      | Identified the +9 short sword "Keohaqoi" {pain, Int+5}
  3743 | D:4      | Found an ancient bone altar of Kikubaaqudgha.
  3964 | D:5      | Entered Level 5 of the Dungeon
  4013 | D:5      | Reached skill level 1 in Short Blades
  4058 | D:5      | Noticed Blork the orc
  4139 | D:5      | Killed Blork the orc
  4219 | D:5      | Found a staircase to the Ecumenical Temple.
  4275 | Temple   | Entered the Ecumenical Temple
  4440 | D:5      | Found a shimmering blue altar of Sif Muna.
  4716 | D:5      | Reached XP level 7. HP: 31/36 MP: 1/13
  5132 | D:5      | Reached skill level 5 in Short Blades
  5683 | D:6      | Reached skill level 5 in Dodging
  5966 | D:7      | Reached XP level 8. HP: 36/41 MP: 7/14
  6144 | D:7      | Reached skill level 5 in Spellcasting
  6665 | D:7      | Reached skill level 1 in Translocations
  6779 | D:7      | Reached XP level 9. HP: 45/45 MP: 17/24
  7885 | D:6      | Noticed Prince Ribbit
  7891 | D:6      | Killed Prince Ribbit
  7892 | D:6      | Reached skill level 9 in Conjurations
  8240 | D:6      | Reached skill level 10 in Conjurations
  8455 | D:8      | Found a staircase to the Lair.
  8650 | D:8      | Found a snail-covered altar of Cheibriados.
  8760 | D:8      | Found a hazy altar of Hepliaklqana.
  9134 | D:8      | Reached skill level 11 in Conjurations
  9203 | D:8      | Noticed a two-headed ogre
  9215 | D:8      | Killed a two-headed ogre
  9216 | D:8      | Reached XP level 10. HP: 50/50 MP: 4/25
  9582 | D:8      | Reached skill level 12 in Conjurations
  9682 | D:8      | Found a blossoming altar of Fedhas.
  9940 | D:9      | Reached skill level 13 in Conjurations
  9945 | D:9      | Noticed a two-headed ogre
 10216 | D:9      | Reached skill level 14 in Conjurations
 10453 | D:9      | Found a runed translucent gate.
 10454 | D:9      | Found a runed translucent gate.
 10455 | D:9      | Found a runed translucent gate.
 10457 | D:9      | Noticed t4s4d4r's ghost (journeyman OgRe)
 10723 | D:9      | Found a faded altar of an unknown god.
 10723 | D:9      | Found a sparkling altar of Nemelex Xobeh.
 10731 | D:9      | Found a radiant altar of Vehumet.
 10733 | D:9      | Found a faded altar of an unknown god.
 10735 | D:9      | Found a basalt altar of Yredelemnul.
 10738 | D:9      | Became a worshipper of Vehumet
 11024 | D:9      | Killed a two-headed ogre
 11025 | D:9      | Reached skill level 15 in Conjurations
 11025 | D:9      | Reached XP level 11. HP: 40/54 MP: 2/26
 11295 | D:10     | Entered Level 10 of the Dungeon
 11339 | D:10     | Noticed a two-headed ogre
 11350 | D:10     | Killed a two-headed ogre
 12433 | D:11     | Reached skill level 16 in Conjurations
 12558 | D:11     | Noticed a white ugly thing
 12598 | D:11     | Killed a white ugly thing
 12755 | D:11     | Noticed a two-headed ogre
 12772 | D:11     | Killed a two-headed ogre
 12772 | D:11     | Reached * piety under Vehumet
 12772 | D:11     | Offered knowledge of Shock by Vehumet.
 13023 | D:11     | Found a staircase to the Orcish Mines.
 13353 | D:11     | Noticed a boulder beetle
 13415 | Lair:1   | Entered Level 1 of the Lair of Beasts
 13534 | Lair:1   | Reached skill level 17 in Conjurations
 13927 | Lair:1   | Reached skill level 10 in Spellcasting
 14988 | Lair:2   | Offered knowledge of Scorch by Vehumet.
 14990 | Lair:2   | Reached ** piety under Vehumet
 15115 | Lair:2   | Reached XP level 12. HP: 59/59 MP: 20/30
 15737 | Lair:2   | Learned a level 5 spell: Borgnjor's Vile Clutch
 15904 | Lair:2   | HP: 2/59 [bog body (15)]
 15912 | Lair:2   | HP: 1/59 [bog body/bolt of cold (3)]
 16129 | Lair:2   | Found a staircase to the Swamp.
 16251 | Lair:3   | You fall into a shaft and drop 2 floors!
 16251 | Lair:5   | Entered Level 5 of the Lair of Beasts
 16268 | Lair:5   | Noticed a seven-headed hydra
 16287 | Lair:5   | Killed a seven-headed hydra
 16518 | Lair:5   | Reached skill level 1 in Necromancy
 16588 | Lair:5   | Noticed a catoblepas
 16901 | Lair:5   | Mangled by a catoblepas

Illustrated notes

Levels and vault maps discovered:
D:1:      heliophobic_arrival_glass_houses, layout_rooms,
          shapermc_ecumenical_altar_mp_ritualfount, kennysheep_decorative_pillar
D:2:      minmay_door_path, layout_loops_ring, st_stairs_11
D:3:      layout_loops_cross, mrwooster_statue_mirror
D:4:      layout_basic, kiku_gazebo_pond_becter
D:5:      layout_loops_ring, nicolae_sif_muna_little_library,
          minmay_temple_entry_antechambers, uniq_blork_the_orc
D:6:      layout_gridville, uniq_prince_ribbit1
D:7:      layout_cave_pools
D:8:      layout_gridville, fedhas_altar_fruit_tree, nicolae_overflow_squiral,
          lair_entry_dummy, serial_bayou_pond_e
D:9:      layout_roguey [special_room_bee], chequers_temple_overflow_minitemple,
          gammafunk_ghost_nasty_kobolds, minmay_misc_feat_five
D:10:     layout_roguey
D:11:     cheibrodos_helix_gallery, layout_cross, erik_orc_1
Temple:   nicolae_temple_superstar
Lair:1:   layout_regular_city, serial_bayou_shore_b
Lair:2:   layout_gridlike, nicolae_swamp_entry_splash_gauntlet,
          grunt_forest_small_clearings, guppyfry_lair_drakes
Lair:3:   layout_cave_shapes, guppyfry_snake_entry_island, serial_bayou_shore_b
Lair:5:   hangedman_lair_caniforms_friends, layout_small_grid,
          grunt_megastairs_4, lemuel_fruit_fields

Skill      XL: |  1  2  3  4  5  6  7  8  9 10 11 12 |
---------------+-------------------------------------+-----
Conjurations   | 5 6 7 8 11 15 17 | 17.1
Short Blades   | 3 5 |  5.2
Dodging        | 5 |  5.6
Spellcasting   | 9 12 14 | 14.0
Translocations | 2 4 |  4.1
Necromancy     | 2 |  2.2
Stealth        | 4 |  4.6

Action                   |  1- 3 |  4- 6 |  7- 9 | 10-12 || total
-------------------------+-------+-------+-------+-------++-------
Melee: Unarmed           |     4 |       |       |       ||     4
       Short sword       |       |     6 |    23 |    69 ||    98
       Punch             |       |       |       |     2 ||     2
 Cast: Magic Dart        |    94 |   116 |   123 |    46 ||   379
       Searing Ray       |       |    11 |    31 |    42 ||    84
       Iskenderun's Myst |       |       |    28 |   120 ||   148
Evoke: Wand              |       |       |     4 |    11 ||    15
  Use: Potion            |       |       |       |     7 ||     7
 Stab: Sleeping          |       |       |     1 |       ||     1
       Confused          |       |       |       |     1 ||     1
Armor: Robe              |     1 |     5 |    12 |    35 ||    53
Dodge: Dodged            |    10 |    12 |    50 |   208 ||   280

Table legend: (Time is in decaauts)
 A = Elapsed time spent in this place.
 B = Non-inter-level travel time spent in this place.
 C = Inter-level travel time spent in this place.
 D = Time resting spent in this place.
 E = Time spent auto-exploring this place.
 F = Levels seen in this place.
 G = Mean time per level.
                   A        B        C        D        E       F      G
               +--------+--------+--------+--------+--------+-----+--------+
         Total |  16876 |  16213 |    663 |    124 |  13858 |  16 | 1054.8 |
       Dungeon |  13259 |  12654 |    605 |     64 |  11004 |  11 | 1205.4 |
        Temple |    125 |    117 |      8 |      0 |     72 |   1 |  125.0 |
          Lair |   3490 |   3442 |     48 |     60 |   2781 |   4 |  872.5 |
               +--------+--------+--------+--------+--------+-----+--------+

Top non-repeatable levels by time:
  Lair:2: 1609 daAuts
     D:6: 1571 daAuts
     D:8: 1566 daAuts
     D:5: 1526 daAuts
     D:9: 1320 daAuts
     D:7: 1245 daAuts
  Lair:1: 1231 daAuts
    D:11: 1181 daAuts
     D:2: 1110 daAuts
     D:3: 995 daAuts
     D:4: 931 daAuts
     D:1: 925 daAuts
    D:10: 884 daAuts
  Lair:5: 649 daAuts
  Temple: 125 daAuts
